 Dungeon Crawl Stone Soup version 0.27.1 (webtiles) character file.

Game seed: 2682790665565841281

305 MajorAdolf the Skirmisher (level 6, -2/94 HPs)
             Began as a Naga Wanderer on Aug 30, 2021.
             Was an Initiate of Ashenzari.
             Slain by an orc warrior (12 damage)
             ... on level 3 of the Dungeon.
             The game lasted 00:06:55 (3889 turns).

MajorAdolf the Skirmisher (Naga Wanderer)           Turns: 3889, Time: 00:06:56

Health: -2/94      AC:  8    Str: 16    XL:     6   Next: 39%
Magic:  6/6        EV:  4    Int: 13    God:    Ashenzari [......]
Gold:   101        SH:  0    Dex: 10    Spells: 5/5 levels left

rFire    . . .     SeeInvis +   a - +2 dagger
rCold    . . .     Faith    .   (no shield)
rNeg     . . .     Spirit   .   k - +0 chain mail
rPois    +         Reflect  .   m - +0 helmet
rElec    .         Harm     .   (no cloak)
rCorr    .         Rampage  .   j - +0 pair of gloves
Will     .....                  (no barding)
Stlth    ..........             (no amulet)
HPRegen  0.25/turn              (no ring)
MPRegen  0.10/turn              (no ring)

@: berserking, quick
A: AC +2, large, see invisible, deformed body, poison resistance, slowness 2,
spit poison 1, naga tail 1
a: Spit Poison, Renounce Religion, Curse Item


You were on level 3 of the Dungeon.
You worshipped Ashenzari.
Ashenzari was noncommittal.
You visited 1 branch of the dungeon, and saw 3 of its levels.

You collected 101 gold pieces.

Inventory:

Hand Weapons
 a - a +2 dagger (weapon)
 d - a +0 shortbow
Missiles
 e - 24 arrows
 n - 2 throwing nets
Armour
 f - a +0 robe
 j - a +0 pair of gloves (worn)
 k - a +0 chain mail (worn)
 m - a +0 helmet (worn)
Wands
 o - a wand of mindburst (5)
Scrolls
 g - a scroll of identify
 l - a scroll of enchant armour
Potions
 b - a potion of berserk rage
 c - 2 potions of curing
 i - a potion of heal wounds


   Skills:
 + Level 6.8 Fighting
 - Level 1.0 Staves
 - Level 1.7 Bows
 - Level 1.0 Armour
 - Level 5.0 Stealth


You had 5 spell levels left.
You didn't know any spells.
Your spell library was empty.

Dungeon Overview and Level Annotations

Branches:
Dungeon (3/15)

Altars:
Ashenzari
Fedhas
Okawaru
Sif Muna

Annotations:
D:1 exclusion: downstairs
D:2 Natasha


Innate Abilities, Weirdness & Mutations

Your serpentine skin is tough. (AC +2)
You have supernaturally acute eyesight. (SInv)
Armour fits poorly on your strangely shaped body.
Your system is resistant to poisons. (rPois)
You cover ground very slowly.
You can spit poison.
You have a snake-like lower body.


Message History

The orc warrior hits you from afar with a +0 trident.
The orc warrior looks more healthy.
The orc warrior hits you with a +0 trident!
A red film seems to cover your vision as you go berserk!
You feel yourself moving faster!
You feel mighty!
The orc warrior hits you with a +0 trident!
Unknown command.
You closely miss the orc warrior.
The orc warrior is lightly wounded.
The orc warrior hits you with a +0 trident!
You are too injured to fight recklessly!
You are too injured to fight recklessly!
You are too injured to fight recklessly!
You are too injured to fight recklessly!
You hit the orc warrior.
The orc warrior is lightly wounded.
You have got your breath back.
The orc warrior hits you with a +0 trident.
You hit the orc warrior.
The orc warrior is lightly wounded.
You hit the orc warrior.
The orc warrior is moderately wounded.
The orc warrior hits you with a +0 trident!
* * * LOW HITPOINT WARNING * * *
Your chain mail prevents you from hitting the orc warrior.
The orc warrior is moderately wounded.
The orc wizard mumbles some strange words.
The orc wizard flickers and vanishes for a moment.
The orc warrior hits you with a +0 trident!
* * * LOW HITPOINT WARNING * * *
You hit the orc warrior.
The orc warrior is moderately wounded.
You puncture the orc warrior!
The orc warrior is heavily wounded.
The orc warrior hits you with a +0 trident.
* * * LOW HITPOINT WARNING * * *
You closely miss the orc warrior.
The orc warrior is heavily wounded.
The orc warrior hits you with a +0 trident!
You die...

........##.#....#########....####
........+ ......................+
..>.....# #...# ########....####
†......# #o#### #.#.## # #.....##
#...o# #.### ##...## ####o# #.#
##'## #o# #.# #.# #o# #.# ###.#
#@# #.# ....## #.# #.# .....##
#.# #.# ##### ......# ##### #.#
#.###...# .....####...# #.#
#.##..... ............####.#
#.##..... ...######........#
#........ ...# ##########
#####...# .>.# ###.#


You could see an orc warrior, an orc priest, an orc wizard (invisible) and an
orc.

Vanquished Creatures
  Grinder (D:3)
  Robin (D:2)
  3 gnolls (D:3)
  An adder (D:3)
  2 worms
  2 dart slugs
  3 bats
  6 endoplasms (D:1)
  2 giant cockroaches
  4 hobgoblins
  2 jackals (D:3)
  A quokka (D:3)
  2 ball pythons
  5 frilled lizards
  13 goblins
  4 kobolds (D:1)
  4 rats
56 creatures vanquished.

Vanquished Creatures (others)
  2 plants (D:2)
2 creatures vanquished.

Grand Total: 58 creatures vanquished

Notes
Turn   | Place    | Note
-------+----------+-------------------------------------------
     0 | D:1      | MajorAdolf the Naga Wanderer began the quest for the Orb.
     0 | D:1      | MajorAdolf set off with the following items: a +2 dagger, a
                  | potion of berserk rage, a potion of curing, a +0 shortbow,
                  | 24 arrows, a +0 robe
     0 | D:1      | Reached XP level 1. HP: 21/21 MP: 1/1
   282 | D:1      | Reached XP level 2. HP: 28/28 MP: 2/2
  1161 | D:1      | Reached XP level 3. HP: 36/36 MP: 3/3
  1298 | D:1      | Reached skill level 5 in Stealth
  1653 | D:2      | Noticed Natasha
  1724 | D:1      | Reached skill level 4 in Fighting
  2033 | D:3      | Found a blossoming altar of Fedhas.
  2042 | D:3      | Found a shimmering blue altar of Sif Muna.
  2042 | D:3      | Found an iron altar of Okawaru.
  2045 | D:3      | Found a broken altar of Ashenzari.
  2244 | D:3      | Became a worshipper of Ashenzari the Shackled
  2333 | D:3      | Noticed Robin
  2574 | D:2      | Killed Robin
  2626 | D:3      | Reached XP level 4. HP: 24/45 MP: 4/4
  2852 | D:3      | Reached skill level 5 in Fighting
  3655 | D:3      | Reached XP level 5. HP: 50/52 MP: 5/5
  3666 | D:3      | Noticed Grinder
  3669 | D:3      | Paralysed by Grinder for 6 turns
  3692 | D:3      | Killed Grinder
  3693 | D:3      | Reached skill level 6 in Fighting
  3693 | D:3      | Reached XP level 6. HP: 33/63 MP: 6/6
  3870 | D:3      | Noticed an orc warrior
  3889 | D:3      | Slain by an orc warrior

Illustrated notes

Levels and vault maps discovered:
D:1:      sevenhm_arrival_forest_fort_small_3, layout_basic
D:2:      layout_rooms, hellmonk_ecumenical_altar_blasted,
          guppyfry_early_lair_pool, uniq_sigmund, uniq_jessica, uniq_terence,
          uniq_natasha
D:3:      layout_loops_corners, grunt_temple_overflow_open, nrook_loot_triangle,
          eino_curves_02, uniq_grinder, uniq_robin

Skill      XL: |  1  2  3  4  5 |
---------------+----------------+-----
Stealth        | 5 |  5.0
Fighting       | 4 5 6 |  6.8
Staves         | |  1.0
Bows           | |  1.7
Armour         | |  1.0

Action                   |  1- 3 |  4- 6 || total
-------------------------+-------+-------++-------
Melee: Dagger            |    82 |    59 ||   141
 Abil: Spit Poison       |    24 |    16 ||    40
  Use: Potion            |       |     2 ||     2
 Stab: Sleeping          |     5 |       ||     5
Armor: Robe              |     3 |       ||     3
       Chain mail        |    24 |    26 ||    50
Dodge: Dodged            |    25 |     9 ||    34
